 Dungeon Crawl Stone Soup version 0.31-a0-152-g6aa68a64a1 (webtiles) character file.

Game seed: 15005004551655756194

282 Hajna the Chopper (level 6, 0/53 HPs)
             Began as a Hill Orc Fighter on June 11, 2023.
             Slain by Grinder (4 damage)
             ... on level 4 of the Dungeon.
             The game lasted 00:07:25 (2571 turns).

Hajna the Chopper (Hill Orc Fighter)                Turns: 2571, Time: 00:07:25

Health: 0/53       AC: 10    Str: 21    XL:     6   Next: 28%
Magic:  0/6        EV: 10    Int:  8    God:
Gold:   209        SH:  5    Dex: 12    Spells: 5/5 levels left

rFire   . . .        a - +0 war axe
rCold   + . .        c - +0 buckler
rNeg    . . .        b - +0 scale mail
rPois   +            (no helmet)
rElec   .            (no cloak)
rCorr   +            (no gloves)
SInv    .            r - +2 pair of boots of Xocri {rC+ Will+ rCorr Dex+2}
Will    +....        k - amulet of guardian spirit Stlth
                     u - ring of poison resistance
HPRegen 0.28/turn    (no ring)
MPRegen 0.10/turn

%: guardian spirit
@: no status effects
A: no striking features
a: no special abilities


You were on level 4 of the Dungeon.
You visited 1 branch of the dungeon, and saw 4 of its levels.

You collected 209 gold pieces.

Inventory:

Hand Weapons
 a - a +0 war axe (weapon)
Missiles
 m - 5 poisoned darts
Armour
 b - a +0 scale mail (worn)
 c - a +0 buckler (worn)
 r - the +2 pair of boots of Xocri (worn) {rC+ Will+ rCorr Dex+2}
   (You found it on level 3 of the Dungeon)

   Dex:       It affects your dexterity (+2).
   rC:        It protects you from cold.
   rCorr:     It protects you from acid and corrosion.
   Will:      It increases your willpower.
 t - a +0 ring mail
Jewellery
 k - an amulet of guardian spirit (around neck)
 u - a ring of poison resistance (left hand)
Scrolls
 g - a scroll of fear
 i - 4 scrolls of identify {unknown}
 l - 3 scrolls of magic mapping {unknown}
 o - a scroll of noise {unknown}
 q - 2 scrolls of fog {unknown}
 s - a scroll of poison {unknown}
 v - 2 scrolls of teleportation {unknown}
 x - 2 scrolls of torment {unknown}
Potions
 d - 2 potions of might
 e - 4 potions of resistance {unknown}
 f - a potion of attraction {unknown}
 h - 4 potions of curing {unknown}
 j - 2 potions of heal wounds {unknown}
 n - 2 potions of mutation {unknown}
 p - 2 potions of lignification {unknown}
 w - a potion of berserk rage {unknown}


   Skills:
 + Level 4.6 Fighting
 + Level 5.2 Axes
 + Level 4.7 Armour
 + Level 1.3 Dodging
 + Level 4.2 Shields


You had 5 spell levels left.
You didn't know any spells.
Your spell library contained the following spells:

 Spells                   Type           Power      Damage    Failure   Level
 Apportation              Tloc           0%         N/A       80%         1
 Alistair's Intoxication  Tmut/Pois      0%         N/A       100%        5


Dungeon Overview and Level Annotations

Branches:
Dungeon (4/15)
 Temple: D:4-7

Altars:
Hepliaklqana
Kikubaaqudgha

Annotations:
D:4 1 runed translucent door, Crazy Yiuf, Grinder


Message History

Grinder hits you.
You writhe in agony.
You barely miss Grinder. Grinder barely misses you. x2
You closely miss Grinder. You hit the quokka. The quokka bites you.
Grinder hits you.
You writhe in agony.
You block the quokka's attack.
You closely miss the quokka.
The quokka is heavily wounded.
You closely miss Grinder. You block the quokka's attack. Grinder hits you.
You writhe in agony.
You closely miss the quokka.
The quokka is heavily wounded.
You closely miss Grinder. The quokka closely misses you. Grinder hits you.
The quokka closely misses you.
You closely miss the quokka.
The quokka is heavily wounded.
You hit Grinder. Grinder completely misses you.
The quokka completely misses you. Grinder barely misses you.
You slash the quokka!
You kill the quokka!
You barely miss Grinder. Grinder hits you!
You writhe in agony.
You barely miss Grinder.
Grinder is lightly wounded.
Grinder closely misses you.
You hit Grinder.
Grinder is lightly wounded.
Grinder gestures at you. You resist with almost no effort.
You closely miss Grinder.
Grinder is lightly wounded.
You block Grinder's attack. Grinder closely misses you.
You barely miss Grinder.
Grinder is lightly wounded.
Grinder gestures at you. Pain shoots through your body!
* * * LOW HITPOINT WARNING * * *
You slash Grinder!
Grinder is heavily wounded.
Grinder hits you!
* * * LOW HITPOINT WARNING * * *
You writhe in agony.
You die...

####### .
#..... ..
#5#.###.#.
#.@†......
##>......#?
######
#...†......
#....#
#..########
#....# #..#
#....#
#..######
#....#
#.......#
.##....#
#####.......#
#........
<............#
####....#


You could see Grinder (strong).

Vanquished Creatures
  A howler monkey (D:4)
  3 jellies (D:4)
  Robin (D:2)
  3 gnolls (D:4)
  3 dart slugs
  3 bats
  11 endoplasms
  4 giant cockroaches
  9 hobgoblins
  10 jackals
  13 kobolds
  5 quokkas
  14 ball pythons
  3 frilled lizards (D:1)
  15 goblins
  2 rats
100 creatures vanquished.

Notes
Turn   | Place    | Note
-------+----------+-------------------------------------------
     0 | D:1      | Hajna the Hill Orc Fighter began the quest for the Orb.
     0 | D:1      | Reached XP level 1. HP: 19/19 MP: 1/1
    91 | D:1      | Reached XP level 2. HP: 27/27 MP: 2/2
   129 | D:1      | Found a faded altar of an unknown god.
   199 | D:1      | Reached skill level 3 in Axes
   220 | D:1      | Reached XP level 3. HP: 32/33 MP: 3/3
  1053 | D:2      | Noticed Robin
  1059 | D:2      | Reached XP level 4. HP: 35/40 MP: 2/4
  1065 | D:2      | Killed Robin
  1067 | D:2      | Reached skill level 4 in Axes
  1490 | D:3      | Identified the +2 pair of boots of Xocri {rC+ Will+ rCorr
                  | Dex+2}
  1705 | D:3      | Found a hazy altar of Hepliaklqana.
  1806 | D:3      | Found an ancient bone altar of Kikubaaqudgha.
  2249 | D:3      | You fall into a shaft and drop 1 floor!
  2264 | D:4      | Reached XP level 5. HP: 47/47 MP: 5/5
  2336 | D:4      | Reached skill level 5 in Axes
  2339 | D:4      | Reached skill level 1 in Dodging
  2339 | D:4      | Reached XP level 6. HP: 48/53 MP: 6/6
  2422 | D:4      | Found a runed translucent door.
  2423 | D:4      | Noticed Crazy Yiuf
  2556 | D:4      | Noticed Grinder
  2571 | D:4      | Slain by Grinder

Illustrated notes

Levels and vault maps discovered:
D:1:      noname_arrival_rooms_in_the_neighbourhood, layout_basic,
          ebering_ecumenical_altar_mist
D:2:      layout_basic, minmay_cupped, uniq_robin
D:3:      minmay_wonky_spiral, layout_loops_ring, lemuel_doored_altar,
          general_overflow_altar, corexii_corridor_pit, serial_bayou_lake_a
D:4:      cheibrodos_fertilizer, layout_basic, lightli_sewer_entry_pipes,
          item_on_display_a, uniq_duvessa, uniq_crazy_yiuf_cottage, uniq_grinder

Skill      XL: |  1  2  3  4  5  6 |
---------------+-------------------+-----
Axes           | 3 4 5 |  5.2
Fighting       | 4 |  4.6
Armour         | 4 |  4.7
Dodging        | 1 |  1.3
Shields        | 4 |  4.2

Action                     |  1- 3 |  4- 6 || total
---------------------------+-------+-------++-------
  Melee: War axe           |    96 |    94 ||   190
    Use: Scroll            |     1 |       ||     1
 Armour: Scale mail        |    56 |    44 ||   100
  Dodge: Dodged            |    48 |    55 ||   103
  Block: Buckler           |    26 |    18 ||    44

Table legend: (Time is in decaauts)
 A = Elapsed time spent in this place.
 B = Non-inter-level travel time spent in this place.
 C = Inter-level travel time spent in this place.
 D = Time resting spent in this place.
 E = Time spent auto-exploring this place.
 F = Levels seen in this place.
 G = Mean time per level.
                   A        B        C        D        E       F      G
               +--------+--------+--------+--------+--------+-----+--------+
         Total |   2672 |   2281 |    391 |      0 |   1807 |   4 |  668.0 |
       Dungeon |   2672 |   2281 |    391 |      0 |   1807 |   4 |  668.0 |
               +--------+--------+--------+--------+--------+-----+--------+

Top non-repeatable levels by time:
     D:1: 900 daAuts
     D:3: 880 daAuts
     D:2: 555 daAuts
     D:4: 335 daAuts
